 Dungeon Crawl Stone Soup version 0.22-a0-448-g1fb7470 (webtiles) character file.

35 iamserjio the Sneak (level 3, 0/37 HPs)
             Began as an Octopode Assassin on June 4, 2018.
             Slain by an adder (2 damage)
             ... on level 2 of the Dungeon.
             The game lasted 00:01:15 (1438 turns).

iamserjio the Sneak (Octopode Assassin)             Turns: 1438, Time: 00:01:16

Health: 0/37       AC:  1    Str: 15    XL:     3   Next: 33%
Magic:  3/3        EV: 13    Int: 13    God:
Gold:   19         SH:  0    Dex: 14    Spells: 2/2 levels left

rFire    . . .     SeeInvis .   a - +2 dagger
rCold    . . .     Gourm    .   (no shield)
rNeg     . . .     Faith    .   (helmet restricted)
rPois    .         Spirit   .   (no amulet)
rElec    .         Reflect  .   (no ring)
rCorr    .         Harm     .   (no ring)
MR       .....                  (no ring)
Stlth    ..........             (no ring)
HPRegen  0.12/turn              (no ring)
MPRegen  0.08/turn              (no ring)
                                (no ring)
                                (no ring)

@: berserking, lethally poisoned (0 -> -2), very quick
A: almost no armour, stealthy swim, amphibious, 8 rings, constrict 8, camouflage
1, gelatinous body 1
a: no special abilities


You were on level 2 of the Dungeon.
You were hungry.

You visited 1 branch of the dungeon, and saw 2 of its levels.

You collected 19 gold pieces.

Inventory:

Hand Weapons
 a - a +2 dagger (weapon)
 b - a +0 blowgun
Missiles
 c - 8 poisoned needles
 d - 4 curare-tipped needles
Scrolls
 e - 2 scrolls of identify {unknown}
 g - a scroll of amnesia {unknown}
 j - a scroll of noise {unknown}
 k - a scroll of enchant armour {unknown}
 m - a scroll of random uselessness {unknown}
Potions
 i - a potion of heal wounds {unknown}
 l - a potion of ambrosia
Comestibles
 f - 2 rations


   Skills:
 + Level 2.4 Fighting
 + Level 2.4 Short Blades
 - Level 2.3 Throwing
 + Level 1.6 Dodging
 + Level 5.7 Stealth


You had 2 spell levels left.
You didn't know any spells.
Your spell library was empty.

Dungeon Overview and Level Annotations

Branches:
Dungeon (2/15)

Altars:


Innate Abilities, Weirdness & Mutations

You cannot wear most types of armour.
You are very stealthy in the water. (Stealth+)
You are amphibious.
You can wear up to eight rings at the same time.
You can use your tentacles to constrict eight enemies at once.
Your skin changes colour to match your surroundings (Stealth+).
Your rubbery body absorbs attacks. (AC +1, EV +1)


Message History

* * * LOW HITPOINT WARNING * * *
You are too berserk!
Unknown command.
You miss the adder.
You feel sick. The adder closely misses you. The adder bites you.
* * * LOW HITPOINT WARNING * * *
You miss the adder.
You feel less invigorated.
You feel less confused. The adder bites you but does no damage.
The adder bites you.
* * * LOW HITPOINT WARNING * * *
You closely miss the adder. You grab the adder.
You constrict the adder, but do no damage.
The adder barely misses you.
You puncture the adder!
You kill the adder!
The adder closely misses you.
You miss the adder. Your grab misses the adder.
The adder is heavily wounded.
The adder bites you.
You die...

#...#........
#...###.......
#...# .).....
#...###......
##............
#..[.....#...
#........#...
###..........
####.@S.......
#....†........
#.............
#..%..........
#.............
#.......#.....
#.......#.....
#.......#.....
#.......# $...


You could see an adder.

Vanquished Creatures
  An adder (D:2)
  A dart slug (D:1)
  A giant cockroach (D:2)
  A goblin (D:1)
  6 hobgoblins
  6 jackals (D:1)
  A bat (D:1)
  A frilled lizard (D:1)
  3 rats
21 creatures vanquished.

Notes
Turn   | Place    | Note
-------+----------+-------------------------------------------
     0 | D:1      | iamserjio the Octopode Assassin began the quest for the Orb.
     0 | D:1      | Reached XP level 1. HP: 14/14 MP: 1/1
   165 | D:1      | Reached XP level 2. HP: 2/19 MP: 2/2
  1412 | D:2      | Reached XP level 3. HP: 23/24 MP: 3/3
  1432 | D:2      | HP: 1/25 [adder (5)]
  1438 | D:2      | Slain by an adder

Vault maps used:
D:1:      minmay_arrival_jagged

Action                   || total
-------------------------++-------
Melee: Dagger            ||    48
       Tentacles         ||     9
       Constrict         ||     8
  Use: Potion            ||     2
 Stab: Sleeping          ||     8
  Eat: Chunk             ||     1
Armor: Skin              ||     8
Dodge: Dodged            ||    26

Table legend:
 A = Spawn XP
 B = Non-spawn XP
 C = Spawn XP percentage of total XP
 D = Spawn monster count
 E = Non-spawn monster count
 F = Spawn count percentage of total count
 G = Total turns spent on level
                    A         B        C        D         E        F      G
               +---------+---------+-------+---------+---------+-------+---------
         Total |       0 |      50 |   0.0 |       0 |      21 |   0.0 |  1438
               +---------+---------+-------+---------+---------+-------+---------
           D:1 |       0 |      31 |   0.0 |       0 |      16 |   0.0 |  1393
           D:2 |       0 |      19 |   0.0 |       0 |       5 |   0.0 |    45
               +---------+---------+-------+---------+---------+-------+---------
